Map: Disco Bloodbath LE

Players

HeRoMaRinE - Winner!

  • Race: Terran Terran
  • Spawn Location: 9:00

ShoWTimE

  • Race: Protoss Protoss
  • Spawn Location: 3:00

VOD

Have the link to the VOD?

Description

Time

  • Played on: Sept. 7, 2019, 5:28 p.m.
  • Length: 19:01
Show
View Real Time Build Order
Export as new Build Order

HeRoMaRinE Terran - Winner!

Build Orders: Reaper Expand 

Get SALT Encoding   

  12  0:00  SCV  
  13  0:12  SCV  
  14  0:17  Supply Depot  
  14  0:24  SCV  
  15  0:38  SCV  
  15  0:41  Barracks  
  16  0:44  Refinery  
  16  0:51  SCV  
  17  1:03  SCV  
  18  1:15  SCV  
  19  1:28  Orbital Command, Reaper  
  20  1:45  Command Center  
  20  1:50  Bunker  
  20  1:53  SCV  
  21  2:01  Supply Depot  
  21  2:02  Marine  
  21  2:05  SCV  
  23  2:14  Factory  
  23  2:21  Barracks Reactor  
  23  2:22  SCV  
  24  2:27  Refinery  
  24  2:34  SCV  
  25  2:46  SCV  
  26  2:57  Marine x2  
  26  2:58  Orbital Command  
  28  2:59  Widow Mine, SCV  
  28  3:00  Starport  
  31  3:11  SCV  
  32  3:15  Marine x2  
  34  3:22  Widow Mine  
  34  3:23  SCV  
  34  3:25  SCV  
  34  3:26  Supply Depot  
  38  3:33  Marine x2  
  40  3:35  SCV  
  40  3:36  Medivac  
  40  3:37  SCV  
  44  3:41  Barracks  
  44  3:47  SCV  
  45  3:49  SCV  
  45  3:50  Marine  
  45  3:51  Marine  
  45  3:54  Engineering Bay  
  48  3:59  Factory Tech Lab, SCV  
  48  4:01  SCV  
  50  4:03  Barracks  
  50  4:06  Supply Depot  
  50  4:11  SCV  
  50  4:13  SCV  
  50  4:15  Marine  
  50  4:16  Marine  
  54  4:17  Refinery  
  54  4:19  Starport Tech Lab  
  54  4:22  Terran Infantry Weapons Level 1  
  54  4:27  Supply Depot  
  54  4:28  SCV x2  
  56  4:34  Stimpack  
  58  4:38  Marauder  
  58  4:40  SCV x2  
  58  4:42  Marine x2  
  62  4:50  Factory Reactor  
  62  4:52  SCV x2  
  60  4:56  Supply Depot  
  60  5:00  Combat Shield, Starport Reactor, Marine x2  
  60  5:01  Marauder  
  60  5:02  Marauder  
  60  5:06  Supply Depot  
  66  5:08  SCV  
  66  5:09  SCV  
  66  5:13  Supply Depot  
  68  5:17  Marine  
  68  5:18  Marine  
  70  5:22  Marauder  
  70  5:24  Marauder  
  74  5:28  Supply Depot  
  74  5:35  Supply Depot, Marine x2  
  74  5:37  Medivac x2  
  74  5:39  Widow Mine x2  
  84  5:44  Marauder  
  84  5:45  Marauder  
  88  5:53  Supply Depot  
  88  5:59  Marine x2  
  88  6:02  Widow Mine x2  
  92  6:05  Marauder  
  92  6:06  Supply Depot, SCV x2  
  92  6:07  Marauder  
  98  6:15  Concussive Shells  
  98  6:16  Terran Infantry Armor Level 1  
  96  6:21  Marine x2  
  97  6:26  Marauder  
  97  6:27  Refinery  
  97  6:28  Marauder  
  97  6:30  Widow Mine x2  
  105  6:37  Command Center  
  105  6:38  Marine  
  105  6:39  Marine  
  107  6:48  Marauder, SCV x2  
  107  6:49  Marauder  
  113  6:56  Marine x2  
  114  7:02  Medivac  
  114  7:03  Medivac  
  114  7:09  Marauder  
  114  7:11  Marauder  
  114  7:14  Marine x2  
  115  7:17  Widow Mine  
  115  7:20  Widow Mine  
  115  7:24  Barracks  
  115  7:27  Barracks  
  107  7:30  Marauder  
  107  7:32  Marauder, Marine x2, SCV x2  
  107  7:34  Medivac  
  107  7:35  Medivac  
  119  7:39  Widow Mine  
  119  7:41  Widow Mine  
  124  7:44  SCV x2  
  125  7:51  Orbital Command, Engineering Bay  
  125  7:52  Marauder, Armory  
  125  7:56  SCV x2  
  125  7:57  Marine x2  
  125  7:58  Marauder  
  133  8:08  SCV x2  
  135  8:13  Marauder  
  135  8:15  Barracks Tech Lab, Barracks Reactor  
  135  8:19  Marauder  
  137  8:20  SCV x2  
  137  8:22  SCV  
  137  8:23  Ghost Academy, Refinery  
  137  8:26  Refinery  
  140  8:27  Supply Depot  
  140  8:29  Viking  
  140  8:30  Marine x2  
  140  8:32  SCV x2  
  146  8:34  SCV  
  146  8:35  Marauder  
  149  8:43  Supply Depot  
  149  8:44  Supply Depot  
  149  8:48  Marine  
  149  8:49  Widow Mine, SCV x2  
  149  8:51  Terran Infantry Weapons Level 2  
  149  8:54  SCV  
  149  8:55  Widow Mine  
  157  9:01  Terran Infantry Armor Level 2, SCV  
  157  9:04  SCV  
  157  9:06  Supply Depot, Ghost, SCV  
  159  9:10  Ghost  
  159  9:13  Ghost  
  163  9:17  Marine x2  
  163  9:20  Marine  
  159  9:25  Marine  
  147  9:34  Ghost  
  146  9:42  Ghost x2  
  146  9:44  Marine x2  
  151  9:45  Marine  
  151  9:50  Marine  
  150  9:53  Terran Ship Weapons Level 1  
  150  9:59  Starport  
  150  10:00  Command Center  
  150  10:02  Marine x2  
  150  10:03  Ghost, Marine  
  155  10:08  Marine  
  155  10:11  Ghost  
  155  10:13  Marine  
  159  10:15  Barracks  
  159  10:16  Barracks  
  159  10:20  Marine  
  160  10:25  Marine x3  
  156  10:30  Ghost  
  156  10:31  Ghost, Barracks  
  160  10:38  Marine  
  159  10:45  Viking x3  
  159  10:49  Missile Turret  
  167  10:50  Marauder, Marine x3  
  167  10:56  Marine  
  171  10:57  Supply Depot  
  171  11:00  Marauder  
  171  11:02  Barracks Tech Lab, Barracks Reactor  
  173  11:04  SCV  
  173  11:05  SCV x2  
  173  11:07  Marauder  
  178  11:11  Marauder  
  178  11:13  Marine x3  
  181  11:23  Enhanced Shockwaves  
  177  11:26  Ghost  
  177  11:36  Marine x2  
  173  11:41  Marauder, Marine  
  173  11:45  Marauder  
  173  11:46  Marine  
  157  11:47  Marine  
  157  11:53  Terran Infantry Weapons Level 3, Marauder, Terran Infantry Armor Level 3  
  157  11:54  Barracks Tech Lab, Planetary Fortress, Marine  
  151  11:56  SCV  
  151  11:57  Marine x2, SCV x2  
  151  11:59  Marauder  
  156  12:03  Medivac x2  
  156  12:04  Marauder, Marine x2  
  156  12:06  Marauder  
  166  12:09  SCV x3  
  166  12:14  Marauder  
  169  12:18  Marine  
  169  12:19  Marine x2  
  169  12:20  Marauder x2  
  169  12:21  SCV  
  179  12:24  Terran Ship Weapons Level 2  
  179  12:27  Marauder, Marine x2  
  179  12:29  Marine  
  180  12:30  Marine  
  180  12:35  Marine  
  177  12:41  Marauder, Medivac x2  
  177  12:42  Marauder  
  178  12:48  Marauder x2  
  182  12:59  Marauder  
  182  13:02  Marine x3  
  182  13:03  Marauder x2  
  189  13:06  Marine x2  
  189  13:07  Marine  
  189  13:09  Marauder, Medivac x2, Marine  
  199  13:19  Missile Turret  
  199  13:23  Command Center x2, Missile Turret  
  184  13:28  Marauder x2  
  184  13:30  Missile Turret, Marine x2  
  184  13:32  Marine x2  
  184  13:33  Marauder  
  194  13:37  Marauder  
  191  13:43  Marine x2  
  191  13:45  Marauder  
  193  13:49  Marine  
  190  14:02  Marauder x2  
  191  14:03  Marauder x2, Marine x2  
  191  14:04  Marine  
  191  14:05  Marine x2  
  191  14:08  Marauder, Marine  
  199  14:14  Refinery  
  199  14:16  Refinery  
  199  14:21  Marine  
  200  14:28  Personal Cloaking  
  197  14:34  Starport, Fusion Core  
  197  14:38  Marauder  
  195  14:50  Marauder  
  197  14:56  Marauder  
  197  14:58  Marine  
  200  15:05  Liberator x4  
  198  15:13  Marauder, Marine x2  
  193  15:19  Marauder  
  193  15:20  Marine x2  
  172  15:22  Marauder x3  
  172  15:24  Marine x2  
  172  15:25  Starport Tech Lab  
  180  15:31  Marine x2  
  180  15:34  Marauder  
  180  15:39  Marine x2  
  180  15:41  Marauder, Liberator  
  180  15:43  Marauder x3, Marine x2  
  180  15:48  Marine  
  180  15:49  Marine  
  189  15:50  Orbital Command  
  189  15:51  Orbital Command  
  189  15:56  Marauder  
  191  15:57  Marine x2  
  191  15:58  Advanced Ballistics  
  191  16:01  Marine  
  191  16:02  Marauder  
  199  16:31  Marauder x2, Marine x3  
  199  16:32  Marauder, Medivac x2, Marine x2  
  199  16:36  Marauder x2, Marine  
  185  16:40  Liberator x3  
  185  16:44  Orbital Command  
  181  16:49  Marine x2  
  181  16:53  Marauder  
  185  16:56  Sensor Tower  
  185  16:58  Marauder x2  
  185  16:59  Marauder  
  196  17:15  Marauder x2, Marine x2  
  200  17:17  Liberator x2  
  197  17:31  Marine  
  200  17:41  Ghost x2  
  200  17:43  Ghost  
  194  17:46  Ghost  
  194  17:47  Ghost  
  192  18:10  Ghost x2  
  192  18:12  Ghost  
  184  18:17  Ghost x2  
  184  18:18  Marine x2  
  184  18:19  Marine  
  176  18:28  Marine x3  
  176  18:31  Refinery  
  176  18:32  Refinery  
  179  18:36  Marine  
  179  18:39  Marauder x2  
Show
View Real Time Build Order
Export as new Build Order

ShoWTimE Protoss 

Build Orders: 1 Gate Expand, Phoenix Opening, Blink Stalkers, Chargelot Immortal 

Get SALT Encoding   

  12  0:00  Probe  
  13  0:12  Probe  
  14  0:17  Pylon  
  14  0:24  Probe  
  15  0:32  Probe  
  15  0:36  Gateway  
  15  0:40  Probe  
  16  0:45  Assimilator  
  17  0:51  Probe  
  18  1:03  Probe  
  19  1:15  Probe  
  20  1:23  Cybernetics Core  
  20  1:32  Nexus  
  20  1:35  Probe  
  21  1:43  Pylon  
  21  1:47  Probe  
  21  1:51  Adept, Assimilator  
  22  1:59  Probe  
  23  2:05  Warp Gate  
  25  2:10  Probe  
  26  2:18  Probe  
  26  2:21  Sentry  
  29  2:26  Probe  
  30  2:37  Twilight Council  
  30  2:40  Probe  
  30  2:41  Probe  
  31  2:47  Blink, Stalker  
  31  2:49  Probe  
  34  2:52  Probe  
  34  2:56  Gateway  
  34  2:57  Phoenix  
  36  2:59  Probe  
  36  3:04  Probe  
  38  3:11  Probe  
  39  3:16  Probe  
  39  3:19  Pylon  
  40  3:23  Probe  
  40  3:26  Assimilator  
  41  3:28  Probe  
  41  3:33  Robotics Facility  
  42  3:35  Probe  
  42  3:40  Probe  
  44  3:47  Probe  
  45  3:49  Pylon  
  45  3:52  Probe  
  46  3:58  Stalker  
  46  3:59  Probe, Stalker  
  51  4:05  Nexus  
  51  4:07  Probe  
  52  4:11  Pylon, Probe  
  53  4:19  Probe  
  53  4:20  Observer  
  53  4:23  Probe  
  56  4:27  Stalker x2  
  60  4:32  Forge, Probe  
  60  4:35  Probe  
  60  4:36  Pylon  
  62  4:44  Probe  
  63  4:47  Probe  
  64  4:54  Phoenix, Charge  
  64  4:56  Probe  
  66  5:00  Probe  
  66  5:01  Stalker x2  
  69  5:08  Probe  
  69  5:10  Protoss Ground Armor Level 1  
  69  5:12  Probe  
  69  5:14  Observer  
  71  5:15  Observer  
  71  5:17  Probe  
  71  5:18  Gateway  
  71  5:20  Probe  
  74  5:23  Gateway  
  74  5:25  Forge  
  74  5:26  Probe  
  75  5:29  Probe  
  75  5:32  Gateway  
  75  5:33  Probe  
  77  5:37  Immortal  
  77  5:38  Probe  
  77  5:40  Gateway  
  79  5:45  Probe  
  83  5:50  Pylon  
  83  5:51  Sentry  
  85  5:57  Pylon  
  85  6:07  Pylon, Zealot  
  85  6:10  Immortal  
  85  6:11  Gateway x2  
  87  6:12  Pylon  
  87  6:24  Protoss Ground Weapons Level 1  
  87  6:25  Zealot x3  
  97  6:30  Pylon  
  97  6:35  Zealot x2  
  101  6:40  Gateway  
  101  6:46  Zealot x4  
  106  6:59  Pylon  
  106  7:01  Pylon  
  106  7:05  Stalker x3  
  106  7:08  Stalker x2  
  107  7:15  Probe  
  108  7:23  Probe  
  108  7:24  Immortal, Photon Cannon  
  108  7:25  Shield Battery  
  108  7:26  Protoss Ground Armor Level 2  
  108  7:27  Pylon, Probe  
  108  7:28  Probe, Assimilator  
  111  7:32  Assimilator  
  111  7:35  Probe  
  114  7:39  Probe  
  114  7:40  Zealot x2, Probe  
  114  7:41  Sentry  
  122  7:44  Pylon  
  122  7:48  Zealot x2  
  126  7:52  Probe x2  
  126  7:54  Warp Prism, Assimilator  
  130  8:07  Templar Archives  
  130  8:08  Zealot x2  
  133  8:17  Probe x3  
  134  8:22  Immortal  
  134  8:26  Pylon  
  134  8:29  Probe x2  
  134  8:32  Psionic Storm  
  134  8:34  Zealot x2  
  144  8:35  Nexus  
  144  8:40  Pylon  
  144  8:44  Zealot x3  
  150  8:57  High Templar x3  
  150  9:00  Zealot  
  155  9:04  Pylon  
  155  9:06  Pylon  
  151  9:12  Pylon  
  151  9:20  Pylon  
  151  9:23  Pylon  
  145  9:24  Pylon  
  145  9:27  Zealot x5  
  133  9:35  Zealot x3  
  139  9:44  Protoss Ground Weapons Level 2  
  133  9:47  Observer  
  133  9:48  Zealot  
  133  9:50  Nexus  
  133  9:52  Pylon  
  135  9:55  High Templar  
  135  9:56  Probe x2, Robotics Bay  
  135  9:57  Probe  
  135  9:58  Robotics Facility  
  141  10:00  Protoss Ground Armor Level 3  
  141  10:02  Stalker x3  
  141  10:04  High Templar  
  149  10:08  Probe  
  149  10:09  Probe x2  
  152  10:14  Zealot  
  151  10:22  Warp Prism  
  149  10:29  Probe  
  149  10:30  Probe x2  
  154  10:41  Probe  
  154  10:42  Probe x2, Assimilator  
  149  10:43  Disruptor  
  149  10:47  High Templar  
  149  10:48  High Templar, Assimilator  
  156  10:51  Disruptor  
  156  10:52  Archon  
  154  11:02  Zealot x5  
  167  11:11  Disruptor  
  165  11:17  Zealot  
  165  11:23  Disruptor  
  165  11:24  Zealot x7  
  142  11:41  Zealot  
  142  11:46  Disruptor  
  124  11:47  Zealot x4  
  129  11:59  Disruptor  
  132  12:04  Zealot  
  132  12:06  Zealot  
  132  12:07  Nexus  
  136  12:08  Zealot  
  136  12:11  Zealot  
  136  12:18  Pylon  
  136  12:21  High Templar x2  
  136  12:22  Stalker  
  138  12:31  Zealot x2  
  138  12:34  Zealot  
  138  12:35  Archon  
  140  12:42  Disruptor x2  
  144  12:45  High Templar x2  
  148  12:53  Sentry, Stalker  
  152  13:00  Stalker  
  150  13:06  Zealot x2  
  150  13:09  High Templar  
  149  13:28  Nexus  
  149  13:32  Stalker x5  
  159  13:35  Pylon  
  157  13:47  Stalker x3  
  152  13:58  Archon  
  150  14:08  High Templar x2  
  154  14:11  Protoss Ground Weapons Level 3  
  154  14:12  Zealot x6  
  154  14:14  Nexus  
  166  14:17  Pylon  
  166  14:22  Pylon  
  166  14:36  Pylon  
  166  14:43  Zealot x5  
  172  14:53  Zealot x3  
  174  15:08  Stalker x3  
  152  15:35  Nexus  
  152  15:40  Stalker x4  
  158  15:55  Archon  
  158  16:01  High Templar x4  
  166  16:05  High Templar x4  
  166  16:06  Disruptor x2  
  166  16:10  Archon x2  
  174  16:13  Archon x2  
  158  16:34  Zealot x4  
  158  16:37  Observer, High Templar x2  
  158  16:38  High Templar x2  
  162  17:08  Nexus  
  162  17:14  Stalker x3  
  162  17:26  Zealot x2  
  162  17:33  Zealot  
  149  18:15  Observer  
  123  18:27  Stalker x5  
  123  18:51  Zealot  
  123  18:53  Zealot x4  
Tags
 
Add a new tag
Caveats
  • Supply blocks, unpowered buildings, or Contaminate may cause inaccurate times.
  • Supply counts are checked every 10 seconds.